 Dungeon Crawl Stone Soup version 0.19-a0-1170-g18f0c96 (webtiles) character file.

190 jacquesderrida the Skirmisher (level 5, -3/30 HPs)
             Began as a Vine Stalker Wanderer on Aug 17, 2016.
             Was an Initiate of Ashenzari.
             Succumbed to a water moccasin's poison
             ... on level 6 of the Dungeon.
             The game lasted 00:05:46 (1127 turns).

jacquesderrida the Skirmisher (VSWn)                Turns: 1127, Time: 00:05:47

Health: -3/30      AC:  6    Str: 15 (17) XL:     5   Next: 69%
Magic:  2/9        EV: 12    Int: 10 (11) God:    Ashenzari [......]
Gold:   93         SH:  0    Dex: 13 (15) Spells: 0 memorised, 8 levels left

rFire  . . .     SeeInvis .     a - +3 dagger
rCold  . . .     Gourm    .     e - +0 robe
rNeg   . . .     Faith    .     (no shield)
rPois  .         Spirit   +     (no helmet)
rElec  .         Dismiss  .     t - +0 cloak
rCorr  .         Reflect  .     v - +1 pair of gloves
MR     .....     Harm     .     g - +0 pair of boots
Stlth  ++........               (no amulet)
                                (no ring)
                                (no ring)

@: lethally poisoned (-3 -> -39), flying
A: fangs 2, agile 1, regeneration 1, magic shield, antimagic bite, no device
heal 3, rot immunity
a: Curse Item, Renounce Religion


You were on level 6 of the Dungeon.
You worshipped Ashenzari.
Ashenzari was noncommittal.
You were not hungry.

You visited 1 branch of the dungeon, and saw 6 of its levels.

You collected 93 gold pieces.

Inventory:

Hand Weapons
 a - a +3 dagger (weapon)
Armour
 e - a +0 robe (worn)
 g - a +0 pair of boots (worn)
 o - a +0 ring mail
 t - a +0 cloak (worn)
 v - a +1 pair of gloves (worn)
Magical Staves
 n - an uncursed staff of fire
Scrolls
 j - 3 scrolls of recharging
 k - 5 scrolls of random uselessness
 r - 2 scrolls of identify
Potions
 b - 2 potions of berserk rage
 d - a potion of lignification
 h - a potion of might {unknown}
 l - a potion of degeneration
 u - a potion of curing {unknown}
Books
 c - the Volume of Weightlessness

   Spells                             Type                      Level
   a - Repel Missiles                 Charms/Air                   2
   b - Swiftness                      Charms/Air                   2
Comestibles
 f - 2 bread rations
 m - a beef jerky
 p - a meat ration


   Skills:
 + Level 5.0 Fighting
 + Level 1.5 Dodging
 - Level 2.4 Stealth
 - Level 2.0 Unarmed Combat
 - Level 2.1 Spellcasting
   Level 1.0 Poison Magic


You had 8 spell levels left.
You didn't know any spells.

Dungeon Overview and Level Annotations

Branches:
Dungeon (6/15)             Temple (0/1) D:5

Altars:
Ashenzari
Elyvilon
Kikubaaqudgha
Zin
The Shining One


Innate Abilities, Weirdness & Mutations

You have extremely sharp teeth.
Your natural rate of healing is unusually fast.
When hurt, damage is shared between your health and your magic reserves.
Your bite disrupts and absorbs the magic of your enemies.
Potions and wands cannot restore your health.
You are immune to rotting.
You are agile. (Dex +2)


Message History

The water moccasin poisons you!
It was a potion of heal wounds.
That seemed strangely inert.
* * * LOW HITPOINT WARNING * * *
You feel very sick. The water moccasin bites you.
* * * LOW HITPOINT WARNING * * *
You are more poisoned.
The water moccasin poisons you! The water moccasin barely misses you.
It was a potion of beneficial mutation.
You feel agile.
You feel fantastic!
* * * LOW HITPOINT WARNING * * *
You feel very sick.
The orc wizard casts a cantrip, but nothing happens.
The orc wizard sings a few bars from the Orcish anthem.
The water moccasin barely misses you.
It was a potion of flight.
You feel very buoyant.
You fly up into the air.
You die...

#. #.. #.#.# #.# #. #.#
#.#.# #.#
##.######.###.#.###.#####
..>...........)........+
..##........#.###.#####
####.##..............#
.....##.......##.##.......#
####..............+........
...#.#####.#####@##.......#
...#.# ##.#####S##########
...#.####......o{#
................o#
.....###........o# ###..#
#..(......# #..#
#.....#'#.#
##..#######.#.#.#######
##......................


You could see a water moccasin, an orc wizard and 2 orcs.

Vanquished Creatures
  An orc wizard (D:5)
  A giant frog skeleton (D:6)
  A worker ant (D:3)
  A hound skeleton (D:5)
  4 adders
  An ooze (D:3)
  A dart slug (D:1)
  2 giant geckos (D:3)
  9 orcs
  5 bats
  4 giant cockroaches
  5 goblins
  5 jackals
  A quokka (D:5)
  3 ball pythons
  3 giant newts
  5 rats
52 creatures vanquished.

Notes
Turn   | Place    | Note
-------+----------+-------------------------------------------
     0 | D:1      | jacquesderrida the Vine Stalker Wanderer began the quest for the Orb.
     0 | D:1      | jacquesderrida set off with: a +2 dagger, a potion of berserk rage, the Volume of Weightlessness, a potion of lignification, a +0 robe, a bread ration
     0 | D:1      | Reached XP level 1. HP: 11/11 MP: 4/4
    27 | D:1      | Reached skill level 2 in Fighting
   101 | D:1      | Reached XP level 2. HP: 16/16 MP: 6/6
   330 | D:3      | Reached skill level 3 in Fighting
   332 | D:3      | Reached XP level 3. HP: 12/20 MP: 4/7
   383 | D:3      | Found an ancient bone altar of Kikubaaqudgha.
   423 | D:3      | Found a glowing silver altar of Zin.
   423 | D:3      | Found a glowing golden altar of the Shining One.
   423 | D:3      | Found a white marble altar of Elyvilon.
   479 | D:3      | Reached XP level 4. HP: 14/25 MP: 8/8
   554 | D:3      | Reached skill level 4 in Fighting
   590 | D:3      | Identified the Volume of Weightlessness
   769 | D:5      | Entered Level 5 of the Dungeon
   784 | D:5      | Found a shattered altar of Ashenzari.
   802 | D:5      | Found a staircase to the Ecumenical Temple.
   804 | D:5      | Became a worshipper of Ashenzari the Shackled
   858 | D:5      | Reached XP level 5. HP: 22/30 MP: 9/9
   977 | D:6      | Noticed a water moccasin
  1034 | D:6      | Reached skill level 5 in Fighting
  1126 | D:6      | Gained mutation: You are agile. (Dex +2) [potion of beneficial mutation]
  1126 | D:6      | HP: 1/30 [poisoned by a water moccasin]
  1127 | D:6      | Succumbed to a water moccasin's poison

Vault maps used:
D:1:      dpeg_arrival_subterranean_lakeside_camping
D:2:      first_bread
D:3:      grunt_temple_overflow_open, minmay_misc_feat_square,
          minmay_misc_feat_cross
D:4:      grunt_dithmenos_smoke_and_mirrors
D:5:      basic_altar

Skill      XL: |  1  2  3  4  5 |
---------------+----------------+-----
Fighting       | 2 3 4 5 |  5.0
Dodging        | |  1.5
Stealth        | |  2.4
Unarmed Combat | |  2.0
Spellcasting   | |  2.1
Poison Magic   | |  1.0

Action                   |  1- 3 |  4- 6 || total
-------------------------+-------+-------++-------
Melee: Dagger            |   105 |   118 ||   223
       Bite              |    28 |    32 ||    60
       Punch             |     1 |       ||     1
  Use: Scroll            |       |     5 ||     5
       Potion            |       |     4 ||     4
 Stab: Sleeping          |     4 |     1 ||     5
  Eat: Chunk             |       |     1 ||     1
Armor: Robe              |    21 |    38 ||    59
Dodge: Dodged            |    61 |    99 ||   160
